 Dungeon Crawl Stone Soup version 0.25-a0-869-g05d4e06a41 (webtiles) character file.

Game seed: 5979335252726239228, levelgen mode: deterministic

32 Flugkiller the Vexing (level 3, 0/20 HPs)
             Began as a Kobold Arcane Marksman on Apr 30, 2020.
             Slain by a hobgoblin
             ... wielding a +0 club
              (8 damage)
             ... on level 1 of the Dungeon.
             The game lasted 00:01:32 (1027 turns).

Flugkiller the Vexing (Kobold Arcane Marksman)      Turns: 1027, Time: 00:01:33

Health: 0/20       AC:  2    Str:  7    XL:     3   Next: 45%
Magic:  5/6        EV: 15    Int: 14    God:
Gold:   25         SH:  0    Dex: 16    Spells: 5/6 levels left

rFire    . . .     SeeInvis .   a - +0 hand crossbow
rCold    . . .     Gourm    .   (shield restricted)
rNeg     . . .     Faith    .   e - +0 robe
rPois    .         Spirit   .   (no helmet)
rElec    .         Reflect  .   (no cloak)
rCorr    .         Harm     .   (no gloves)
MR       .....                  (no boots)
Stlth    +.........             (no amulet)
HPRegen  0.06/turn              (no ring)
MPRegen  0.10/turn              (no ring)

@: no status effects
A: small, carnivore
a: no special abilities


You were on level 1 of the Dungeon.
You were completely stuffed.

You visited 1 branch of the dungeon, and saw 2 of its levels.

You collected 25 gold pieces.

Inventory:

Hand Weapons
 a - a +0 hand crossbow (weapon)
 b - a +0 short sword
   (You took it off a kobold on level 1 of the Dungeon)
Missiles
 d - 31 bolts (quivered)
Armour
 e - a +0 robe (worn)
Scrolls
 g - a scroll of blinking {unknown}
 j - a scroll of identify {unknown}
 k - a scroll of enchant weapon {unknown}
 m - 2 scrolls of immolation {unknown}
Potions
 c - a potion of haste {unknown}
 h - a potion of heal wounds {unknown}
 i - a potion of mutation {unknown}
Comestibles
 f - 2 rations
 l - 2 chunks of flesh


   Skills:
 - Level 1.1 Fighting
 - Level 2.4 Crossbows
 - Level 2.4 Dodging
 - Level 2.0 Spellcasting
 + Level 3.9 Hexes


You had 5 spell levels left.
You knew the following spells:

 Your Spells              Type           Power        Failure   Level  Hunger
a - Corona                Hex            ##.....      4%          1    ##.....

Your spell library contained the following spells:

 Spells                   Type           Power        Failure   Level  Hunger
 Slow                     Hex            ##......     7%          2    ###....
 Inner Flame              Hex/Fire       #.......     32%         3    ####...
 Portal Projectile        Hex/Tloc       #.....       32%         3    ####...
 Cause Fear               Hex            ##........   43%         4    #####..
 Leda's Liquefaction      Hex/Erth       #.........   71%         4    #####..


Dungeon Overview and Level Annotations

Branches:
Dungeon (2/15)

Altars:


Innate Abilities, Weirdness & Mutations

You are small and have problems with some larger weapons.
You are carnivorous and can eat meat at any time.


Message History

Confirm with . or Enter, or press ? or * to list all spells.
Aiming: Corona (safe; 4% risk of failure)
Press: ? - help, Shift-Dir - straight line, f - jackal
Aim: a jackal (chance to defeat MR: 66%)
The jackal is outlined in light.
The jackal bites you.
You hit the jackal.
The jackal is severely wounded.
The jackal bites you. x2
You hit the jackal.
The jackal is almost dead.
The jackal misses you.
You hit the jackal.
You kill the jackal!
You hit the jackal but do no damage. The jackal barely misses you.
The jackal bites you.
Casting: Corona (safe; 4% risk of failure)
Confirm with . or Enter, or press ? or * to list all spells.
Aiming: Corona (safe; 4% risk of failure)
Press: ? - help, Shift-Dir - straight line, f - jackal
Aim: a jackal (chance to defeat MR: 66%)
The jackal barely resists.
The jackal bites you but does no damage.
You closely miss the jackal. The jackal closely misses you.
The jackal misses you.
You hit the jackal but do no damage. The jackal bites you.
a - a +0 hand crossbow (weapon)
The jackal closely misses you.
You are too injured to fight recklessly!
You are too injured to fight recklessly!
Firing (i - inventory)
d - 34 bolts (quivered)
Press: ? - help, Shift-Dir - straight line, f/p - jackal
Aim: a jackal You shoot a bolt.
The bolt hits the jackal!
You kill the jackal!
Firing (i - inventory)
d - 33 bolts (quivered)
Press: ? - help, Shift-Dir - straight line, f - hobgoblin
Aim: a hobgoblin, wielding a +0 club You shoot a bolt.
The bolt hits the hobgoblin.
The hobgoblin is lightly wounded.
The hobgoblin barely misses you.
Firing (i - inventory)
d - 32 bolts (quivered)
Press: ? - help, Shift-Dir - straight line, f/p - hobgoblin
Aim: a hobgoblin, wielding a +0 club (lightly wounded)
You shoot a bolt. The bolt closely misses the hobgoblin.
The bolt hits the dart slug!
The dart slug is almost dead.
The hobgoblin hits you with a +0 club.
* * * LOW HITPOINT WARNING * * *
The hobgoblin hits you with a +0 club!
You die...

######## #......#
######## #......#
#......# #......#
#......#########g.....#
#............@gwh.....#
#...>..#########h.....#
#....).# #......##
###.#### #.......######
#..# #........g...#
##.## #......##.h..#
#..########
#########....#
##.##.)...## .?...#
#.#.......# .......#


You could see a dart slug, 2 jackals and 2 hobgoblins.

Vanquished Creatures
  A dart slug (D:1)
  A leopard gecko (D:2)
  3 giant cockroaches (D:1)
  6 goblins
  A hobgoblin (D:1)
  5 jackals (D:1)
  3 bats
  2 frilled lizards (D:1)
  3 kobolds
  A rat (D:1)
26 creatures vanquished.

Vanquished Creatures (others)
  A goblin (D:2)
  A hobgoblin (D:2)
2 creatures vanquished.

Grand Total: 28 creatures vanquished

Notes
Turn   | Place    | Note
-------+----------+-------------------------------------------
     0 | D:1      | Flugkiller the Kobold Arcane Marksman began the quest for
                  | the Orb.
     0 | D:1      | Reached XP level 1. HP: 12/12 MP: 2/2
   192 | D:1      | Reached XP level 2. HP: 15/16 MP: 4/4
   209 | D:1      | You fall into a shaft and drop 1 floor!
   539 | D:1      | Reached XP level 3. HP: 5/20 MP: 4/6
  1027 | D:1      | Slain by a hobgoblin

Levels and vault maps discovered:
D:1:      dpeg_arrival_prison, layout_rooms
D:2:      layout_loops_ring, lemuel_flame_loot_1

Skill      XL: |  1  2 |
---------------+-------+-----
Spellcasting   | 2 |  2.0
Fighting       | |  1.1
Crossbows      | |  2.4
Dodging        | |  2.4
Hexes          | |  3.9

Action                   || total
-------------------------++-------
Melee: Short sword       ||    51
 Fire: Hand crossbow     ||    26
 Cast: Corona            ||     2
 Stab: Sleeping          ||     1
  Eat: Chunk             ||     9
Armor: Robe              ||     9
Dodge: Dodged            ||    59

Table legend:
 A = Non-vault XP
 B = Vault XP
 C = Vault XP percentage of total XP
 D = Non-vault monster count
 E = Vault monster count
 F = Vault count percentage of total count
                 A         B        C        D         E       F
            +---------+---------+-------+---------+---------+-------
      Total |      41 |       6 |  12.8 |      23 |       3 |  11.5
            +---------+---------+-------+---------+---------+-------
        D:1 |      34 |       6 |  15.0 |      19 |       3 |  13.6
        D:2 |       7 |       0 |   0.0 |       4 |       0 |   0.0
            +---------+---------+-------+---------+---------+-------
